 Dungeon Crawl Stone Soup version 0.20.1-1-g8b1a95d66d (webtiles) character file.

30121 Brujo888 the Severer (level 13, -12/122 HPs)
             Began as a Minotaur Berserker on Nov 22, 2017.
             Was a High Priest of Trog.
             Killed by divine providence
             ... invoked by an orc priest
             ... led by an orc warlord
              (17 damage)
             ... on level 2 of the Orcish Mines on Nov 23, 2017.
             The game lasted 01:08:10 (12776 turns).

Brujo888 the Severer (Minotaur Berserker)          Turns: 12776, Time: 01:08:11

Health: -12/122    AC: 11    Str: 26    XL:     13   Next: 18%
Magic:  2/12       EV: 14    Int: 10    God:    Trog [*****.]
Gold:   823        SH:  4    Dex: 11    Spells: 12/12 levels left

rFire    . . .     SeeInvis +   s - +7 battleaxe of the Mind {chop, *Drain rPois rN+++ SInv}
rCold    + . .     Gourm    .   (shield currently unavailable)
rNeg     + + +     Faith    .   X - +0 acid dragon scales
rPois    +         Spirit   .   Q - +1 hat
rElec    .         Reflect  +   v - +0 cloak
rCorr    +         Harm     .   (no gloves)
MR       .....     Rnd*Tele +   (no boots)
Stlth    +.........             m - +4 amulet of reflection
Regen    0.3/turn               T - ring "Yvoumail" {rCorr Int+6}
MPRegen  0.2/turn               C - ring of Zecoy {*Tele rC+ Stlth+}

@: silence, very slightly contaminated, hasted, very quick
A: retaliatory headbutt, horns 2
a: Renounce Religion


You were on level 2 of the Orcish Mines.
You worshipped Trog.
Trog was extremely pleased with you.
You were very hungry.

You visited 2 branches of the dungeon, and saw 13 of its levels.

You collected 1084 gold pieces.
You spent 261 gold pieces at shops.

Inventory:

Hand Weapons
 a - a +7 antimagic battleaxe
 c - the +8 scimitar "Wuteeco" {chaos, rF+ Str+4 Dex+3, unknown}
   (You found it on level 11 of the Dungeon)

   Each time it hits an enemy it has a different, random effect.
   It affects your strength (+4).
   It affects your dexterity (+3).
   It protects you from fire.
 s - the +7 battleaxe of the Mind (weapon) {chop, *Drain rPois rN+++ SInv}
   (Trog gifted it to you on level 7 of the Dungeon)

   It inflicts extra damage upon your enemies.
   It protects you from poison.
   It renders you almost immune to negative energy.
   It lets you see invisible.
   It causes draining when unequipped.
 z - a +4 battleaxe of flaming
 F - the +3 quarterstaff "Bingo" {protect, rN+, unknown}
   (You found it on level 7 of the Dungeon)

   It protects the one who uses it against injury (+AC on strike).
   It protects you from negative energy.
 U - the +4 war axe "Taiwk" {drain, MR+ Str+3}
   (You found it on level 9 of the Dungeon)

   A truly terrible weapon, it drains the life of those it strikes.
   It affects your strength (+3).
   It affects your resistance to hostile enchantments.
 Y - a +4 antimagic battleaxe
Armour
 i - a +2 plate armour of positive energy
 v - a +0 cloak (worn)
 B - a +3 plate armour of cold resistance
 E - the +1 buckler of Liberalism {*Contam rElec rPois rF-, unknown}
   (You found it on level 7 of the Dungeon)

   It makes you vulnerable to fire.
   It insulates you from electricity.
   It protects you from poison.
   It causes magical contamination when unequipped.
 J - the +1 ring mail of Inaction {Str+3 Stlth+}
   (You found it on level 8 of the Dungeon)

   It affects your strength (+3).
   It makes you more stealthy.
 Q - a +1 hat (worn)
 X - +0 acid dragon scales (worn)
Jewellery
 m - a +4 amulet of reflection (around neck)
 C - the ring of Zecoy (right hand) {*Tele rC+ Stlth+}
   (You found it on level 6 of the Dungeon)

   [ring of teleportation]

   It may teleport you next to monsters.
   It protects you from cold.
   It makes you more stealthy.
 K - a +4 ring of dexterity
 T - the ring "Yvoumail" (left hand) {rCorr Int+6}
   (You took it off an orc on level 10 of the Dungeon)

   [ring of resist corrosion]

   It affects your intelligence (+6).
Wands
 j - a wand of iceblast (3/15)
 n - a wand of lightning (4/15)
 M - a wand of lightning (10/15)
 P - a wand of disintegration (11/24)
Scrolls
 d - 2 scrolls of teleportation
 f - 4 scrolls of enchant weapon
 t - 3 scrolls of identify
 u - a scroll of noise {unknown}
 w - 10 scrolls of remove curse
 y - 4 scrolls of recharging
 I - a scroll of holy word {unknown}
 O - a scroll of amnesia {unknown}
 S - a scroll of magic mapping
 V - 2 scrolls of enchant armour {unknown}
 W - a scroll of fog {unknown}
Potions
 b - 2 potions of flight
 e - a potion of might
 g - 2 potions of brilliance {unknown}
 h - 3 potions of lignification
 o - 2 potions of haste
 x - a potion of cancellation {unknown}
 G - a potion of berserk rage {unknown}
 L - 3 potions of mutation {unknown}
Books
 p - the Guide on Harmful Air
   (You found it on level 11 of the Dungeon)

   Spells                             Type                      Level
   a - Flame Tongue                   Conjuration/Fire             1
   b - Throw Flame                    Conjuration/Fire             2
   c - Conjure Flame                  Conjuration/Fire             3
   d - Static Discharge               Conjuration/Air              3
   e - Silence                        Hexes/Air                    5
   f - Bolt of Fire                   Conjuration/Fire             6
   Trog disapproves of the use of such an item.
Comestibles
 q - 7 royal jellies
 r - 7 bread rations
 D - a meat ration


   Skills:
 * Level 13.2 Fighting
 - Level 19.0 Axes
 * Level 10.3 Armour
 + Level 6.3 Dodging
 - Level 1.0 Shields


You had 12 spell levels left.
You didn't know any spells.

Dungeon Overview and Level Annotations

Branches:
Dungeon (11/15)            Temple (0/1) D:6            Lair (0/6) D:11
    Orc (2/2) D:11            Elf (0/3) Orc:2

Altars:
Ashenzari
Cheibriados
Elyvilon
Gozag
Kikubaaqudgha
Makhleb
Qazlal
Sif Muna
Trog
Uskayaw
Xom
The Shining One

Shops:
D:7 :   D:11 ?!*(


Innate Abilities, Weirdness & Mutations

You reflexively headbutt those who attack you in melee.
You have a pair of horns on your head.


Message History

The iceblast engulfs the orc warrior.
The orc warrior is almost dead.
This wand has 3 charges left.
Found 24 gold pieces.
Evoke which item? (* to show all) (? for menu, Esc to quit)
Aiming: Lightning Bolt
Press: ? - help, Shift-Dir - straight line, p - orc warrior The bolt of lightning hits the orc warrior.
You kill the orc warrior!
Trog accepts your kill.
The bolt of lightning hits the orc warrior.
The orc warrior appears unharmed.
The orc warrior is almost dead.
This wand has 4 charges left.
The orc no longer looks unusually strong.
The orc warlord roars a battlecry!
The orc goes into a battle-frenzy!
The orc priest invokes the aid of Beogh against you.
Beogh smites you!
You die...

##........ #....#....
#......... ##.$.......
........... ##
..........
$##.###...........
.......@......#....
....................
.....................
......#...............
........o.............#
..........o............
.........o.o...........
..........o..o.........
..........o.)..........


You could see an orc warlord, 2 orc warriors, an orc priest and 2 orcs.

Vanquished Creatures
  A storm dragon (D:11)
  An orc warlord (D:11)
  Snorg (D:10)
  6 two-headed ogres
  A deep troll earth mage (D:11)
  An unseen horror (D:11)
  An orc knight (D:11)
  The ghost of Brujo888 the Protected, a novice BaBe of Trog (D:7)
  A cyclops (D:11)
  3 ugly things (D:11)
  3 orc sorcerers (Orc:2)
  3 manticores (D:11)
  2 gargoyles (D:11)
  A kobold demonologist (D:11)
  3 komodo dragons (D:11)
  An efreet (D:11)
  3 trolls
  Prince Ribbit (D:5)
  A meliai zombie (D:11)
  Sigmund (D:2)
  A shadow (D:11)
  A human (D:8)
  A yak (D:11)
  A basilisk (D:11)
  4 hogs (D:8)
  5 hungry ghosts
  A steam dragon (D:11)
  4 wargs
  2 water moccasins
  An acid dragon (D:11)
  2 sky beasts (D:8)
  7 ice beasts
  26 orc warriors
  An eye of draining (D:11)
  13 ogres
  3 phantoms
  6 centaurs
  2 crocodiles (D:11)
  4 big kobolds (D:11)
  8 bullfrogs
  2 wyvern zombies
  2 gnoll sergeants (D:11)
  6 scorpions
  A water moccasin skeleton (D:9)
  5 wights
  3 howler monkeys
  3 electric eels (D:6)
  5 crimson imps
  3 bullfrog zombies
  3 centaur zombies
  3 bullfrog skeletons
  A quasit (D:8)
  14 orc priests
  10 hounds
  3 jellies
  Natasha (twice) (D:2)
  2 iguanas
  43 orc wizards
  17 worker ants
  2 hound zombies
  2 hound skeletons
  A howler monkey zombie (D:5)
  3 gnolls
  A howler monkey skeleton (D:10)
  11 adders
  4 shadow imps
  2 oozes
  An adder zombie (D:6)
  3 worms
  A dart slug (D:1)
  7 leopard geckos
  101 orcs
  A ball python (D:3)
  5 bats
  7 giant cockroaches
  A hobgoblin (D:1)
  16 jackals
  8 quokkas
  6 frilled lizards
  7 goblins
  A jackal skeleton (D:4)
  4 kobolds
  2 quokka zombies (D:5)
  6 rats
  7 plants
467 creatures vanquished.

Vanquished Creatures (collateral kills)
  A troll (Orc:2)
  A warg (Orc:2)
  An orc warrior (Orc:2)
  2 orc wizards (Orc:2)
  2 orcs (Orc:2)
7 creatures vanquished.

Vanquished Creatures (others)
  A troll (D:11)
  A shadow (D:11)
  A plant (D:11)
3 creatures vanquished.

Grand Total: 477 creatures vanquished

Notes
Turn   | Place    | Note
-------+----------+-------------------------------------------
     0 | D:1      | Brujo888 the Minotaur Berserker began the quest for the Orb.
     0 | D:1      | Reached XP level 1. HP: 19/19 MP: 0/0
   271 | D:1      | Reached skill level 4 in Axes
   309 | D:1      | Reached XP level 2. HP: 26/27 MP: 1/1
   814 | D:2      | Found a burning altar of Makhleb.
   814 | D:2      | Found an ancient bone altar of Kikubaaqudgha.
   816 | D:2      | Found a shattered altar of Ashenzari.
   816 | D:2      | Found a white marble altar of Elyvilon.
   824 | D:2      | Found an opulent altar of Gozag.
   824 | D:2      | Found a deep blue altar of Sif Muna.
   900 | D:2      | Reached XP level 3. HP: 31/33 MP: 2/2
   905 | D:2      | Reached ** piety under Trog
  1169 | D:2      | Noticed Sigmund
  1177 | D:2      | Killed Sigmund
  1177 | D:2      | Reached skill level 6 in Axes
  1177 | D:2      | Reached XP level 4. HP: 40/40 MP: 3/3
  1177 | D:2      | Reached XP level 5. HP: 46/46 MP: 4/4
  1527 | D:2      | Noticed Natasha
  1539 | D:2      | Killed Natasha
  1553 | D:2      | Noticed Natasha
  1679 | D:2      | Killed Natasha
  1679 | D:2      | Reached XP level 6. HP: 52/52 MP: 5/5
  2077 | D:3      | Reached skill level 7 in Axes
  2640 | D:4      | Reached *** piety under Trog
  2690 | D:4      | Found a hide-covered altar of Uskayaw.
  2750 | D:4      | Reached skill level 8 in Axes
  2779 | D:4      | Reached XP level 7. HP: 51/59 MP: 6/6
  3008 | D:4      | Reached skill level 9 in Axes
  3259 | D:4      | Noticed a two-headed ogre
  3266 | D:4      | Killed a two-headed ogre
  3266 | D:4      | Reached skill level 5 in Fighting
  3266 | D:4      | Reached skill level 11 in Axes
  3266 | D:4      | Reached XP level 8. HP: 62/68 MP: 7/7
  3269 | D:4      | Reached **** piety under Trog
  3419 | D:5      | Entered Level 5 of the Dungeon
  3419 | D:5      | Found a shimmering altar of Xom.
  3440 | D:5      | Reached skill level 5 in Armour
  3685 | D:5      | Noticed Prince Ribbit
  3725 | D:5      | Killed Prince Ribbit
  3725 | D:5      | Reached skill level 12 in Axes
  3725 | D:5      | Reached XP level 9. HP: 22/74 MP: 8/8
  3911 | D:5      | Found a snail-covered altar of Cheibriados.
  4115 | D:5      | Found a glowing golden altar of the Shining One.
  4167 | D:5      | Found a bloodstained altar of Trog.
  4301 | D:6      | Reached ***** piety under Trog
  4306 | D:6      | Reached skill level 13 in Axes
  4738 | D:6      | Found a staircase to the Ecumenical Temple.
  4745 | D:6      | Got a shimmering amber ring
  4746 | D:6      | Identified the ring of Zecoy {*Tele rC+ Stlth+} (You found it on level 6 of the Dungeon)
  4941 | D:7      | Received a gift from Trog
  4944 | D:7      | Got a polished battleaxe {god gift}
  4945 | D:7      | Identified the +7 battleaxe of the Mind {chop, *Drain rPois rN+++ SInv} (Trog gifted it to you on level 7 of the Dungeon)
  5002 | D:7      | Got a heavily runed buckler
  5026 | D:7      | Got an ichor-stained quarterstaff
  5165 | D:7      | Noticed Brujo888's ghost (novice BaBe)
  5176 | D:7      | Killed Brujo888's ghost
  5176 | D:7      | Reached skill level 14 in Axes
  5195 | D:7      | Reached XP level 10. HP: 79/84 MP: 9/9
  5218 | D:7      | Found Neilo's Book Shoppe.
  5448 | D:8      | Noticed a two-headed ogre
  5454 | D:8      | Killed a two-headed ogre
  5572 | D:8      | Got a transparent ring mail
  5624 | D:8      | Reached skill level 1 in Shields
  5625 | D:8      | Reached skill level 15 in Axes
  5715 | D:8      | Identified the +1 ring mail of Inaction {Str+3 Stlth+} (You found it on level 8 of the Dungeon)
  6445 | D:9      | Got a jewelled war axe
  6446 | D:9      | Identified the +4 war axe "Taiwk" {drain, MR+ Str+3} (You found it on level 9 of the Dungeon)
  6483 | D:9      | Noticed a two-headed ogre
  6491 | D:9      | Killed a two-headed ogre
  6491 | D:9      | Reached skill level 16 in Axes
  6671 | D:9      | Found a stormy altar of Qazlal.
  6826 | D:10     | Entered Level 10 of the Dungeon
  6915 | D:10     | Noticed Snorg
  6929 | D:10     | Killed Snorg
  6929 | D:10     | Reached XP level 11. HP: 55/94 MP: 10/10
  7547 | D:10     | Found a runed door.
  7569 | D:10     | Noticed a two-headed ogre
  7575 | D:10     | Killed a two-headed ogre
  7592 | D:10     | Got a coiled brass ring
  7859 | D:11     | Reached skill level 17 in Axes
  7880 | D:11     | Found Biacrierr's Magic Scroll Emporium.
  7887 | D:11     | Received a gift from Trog
  7897 | D:11     | Bought a scroll of silence for 112 gold pieces
  7897 | D:11     | Bought a scroll of identify for 30 gold pieces
  7899 | D:11     | Identified the ring "Yvoumail" {rCorr Int+6} (You took it off an orc on level 10 of the Dungeon)
  8045 | D:11     | Noticed a two-headed ogre
  8052 | D:11     | Killed a two-headed ogre
  8088 | D:11     | Noticed an unseen horror
  8097 | D:11     | Found a runed door.
  8097 | D:11     | Noticed a deep troll earth mage
  8097 | D:11     | Noticed a red ugly thing
  8100 | D:11     | Killed an unseen horror
  8447 | D:11     | Found a staircase to the Lair.
  8889 | D:11     | Found a staircase to the Orcish Mines.
  8900 | D:11     | Reached skill level 18 in Axes
  8927 | D:11     | Reached XP level 12. HP: 62/105 MP: 11/11
  9014 | D:11     | Found a runed door.
  9014 | D:11     | Found a runed door.
  9131 | D:11     | Found Xif Tupa's Distillery.
  9380 | D:11     | Reached skill level 5 in Dodging
  9449 | D:11     | Bought a potion of curing for 51 gold pieces
  9449 | D:11     | Bought a potion of might for 68 gold pieces
  9492 | D:11     | Found Yqasusk's Assorted Antiques.
  9513 | D:11     | Found Bytzo's Antique Weapon Shoppe.
  9674 | D:11     | Received a gift from Trog
  9691 | D:11     | Identified the Guide on Harmful Air
  9696 | D:11     | Got a heavily runed scale mail
  9712 | D:11     | Got a faintly glowing scimitar
  9729 | D:11     | Identified the cursed +0 scale mail "Dusel" {Str+2 Int+3} (You found it on level 11 of the Dungeon)
  9895 | D:11     | Reached skill level 10 in Fighting
 10516 | D:11     | Killed a deep troll earth mage
 10596 | D:11     | Reached skill level 19 in Axes
 10740 | Orc:1    | Entered Level 1 of the Orcish Mines
 10740 | Orc:1    | Noticed an orc warlord
 11110 | D:11     | Killed an orc warlord
 11341 | D:11     | Noticed a storm dragon
 11354 | D:11     | Killed a storm dragon
 11754 | Orc:1    | Received a gift from Trog
 11766 | Orc:1    | HP: 4/112 [orc warrior/glaive[an orc warlord] (21)]
 12262 | Orc:1    | Reached skill level 10 in Armour
 12500 | Orc:1    | Noticed a two-headed ogre
 12505 | Orc:1    | Killed a two-headed ogre
 12505 | Orc:1    | Reached XP level 13. HP: 109/119 MP: 12/12
 12558 | Orc:2    | Entered Level 2 of the Orcish Mines
 12558 | Orc:2    | Found a staircase to the Elven Halls.
 12691 | Orc:2    | Paralysed by an orc sorcerer for 2 turns
 12731 | Orc:2    | Noticed an orc warlord
 12758 | Orc:2    | Received a gift from Trog
 12768 | Orc:2    | HP: 4/122 [orc wizard/magic dart[an orc warlord] (4)]
 12776 | Orc:2    | Killed from afar by an orc priest

Skill      XL: |  1  2  3  4  5  6  7  8  9 10 11 12 13 |
---------------+----------------------------------------+-----
Axes           | 4 6 8 11 12 14 16 18 19 | 19.0
Fighting       | 4 5 6 8 9 12 13 | 13.2
Armour         | 3 4 5 6 7 8 10 | 10.3
Dodging        | 3 4 5 6 |  6.3
Shields        | 1 |  1.0

Action                   |  1- 3 |  4- 6 |  7- 9 | 10-12 | 13-15 || total
-------------------------+-------+-------+-------+-------+-------++-------
Melee: Hand axe          |    62 |    32 |       |       |       ||    94
       Headbutt          |     9 |    17 |    38 |   101 |    10 ||   175
       War axe           |       |    75 |    73 |       |       ||   148
       Battleaxe         |       |       |   187 |   462 |    72 ||   721
Invok: Berserk           |     1 |     3 |     4 |    10 |     1 ||    19
       Brothers in Arms  |       |       |       |     1 |     3 ||     4
       Trog's Hand       |       |       |       |     1 |       ||     1
Evoke: Wand              |       |       |       |     4 |     6 ||    10
  Use: Scroll            |       |     7 |     2 |    12 |     3 ||    24
       Potion            |       |     1 |       |     6 |     3 ||    10
 Stab: Sleeping          |       |       |       |     2 |       ||     2
       Distracted        |       |       |       |     4 |       ||     4
  Eat: Chunk             |       |     4 |    11 |    25 |     2 ||    42
       Bread ration      |       |     1 |       |     1 |       ||     2
       Meat ration       |       |       |     1 |     2 |       ||     3
       Fruit             |       |       |       |     1 |       ||     1
       Royal jelly       |       |       |       |     1 |       ||     1
Armor: Chain mail        |    26 |    57 |    32 |       |       ||   115
       Animal skin       |     1 |       |       |       |       ||     1
       Plate armour      |       |       |    81 |    22 |       ||   103
       Ring mail         |       |       |       |    61 |       ||    61
       Acid dragon scale |       |       |       |    48 |    25 ||    73
Dodge: Dodged            |    22 |    47 |    82 |   232 |    41 ||   424
Block: Other             |       |    23 |    29 |    73 |     9 ||   134
       Reflection        |       |     1 |       |     3 |       ||     4
